 Dungeon Crawl Stone Soup version 0.31.0-32-g396128a36d (webtiles) character file.

Game seed: 1589900824742934291

156 PriceMaster the Digger (level 5, -1/31 HPs)
             Began as an Octopode Earth Elementalist on Apr 22, 2024.
             Slain by a gnoll
             ... wielding a +0 spear
             ... led by a gnoll bouda
              (5 damage)
             ... on level 4 of the Dungeon on Apr 23, 2024.
             The game lasted 00:03:16 (2635 turns).

PriceMaster the Digger (OpEE)                       Turns: 2635, Time: 00:03:17

Health: -1/31      AC:  1    Str: 10    XL:     5   Next: 37%
Magic:  8/10       EV: 13    Int: 17    God:
Gold:   222        SH:  0    Dex: 18    Spells: 10/11 levels left

rFire   + . .        i - +2 dagger (venom)
rCold   x . .        (no shield)
rNeg    . . .        (helmet restricted)
rPois   +            (no amulet)
rElec   .            j - +6 ring of dexterity
rCorr   .            f - ring of poison resistance
SInv    .            q - ring of fire
Will    .....        (no ring)
Stlth   ++++         (no ring)
HPRegen 0.25/turn    (no ring)
MPRegen 0.12/turn    (no ring)
                     (no ring)

%: no passive effects
@: no status effects
A: almost no armour, amphibious, 8 rings, camouflage 1, gelatinous body 1,
(nimble swimmer 1), tentacles
a: no special abilities


You were on level 4 of the Dungeon.
You visited 1 branch of the dungeon, and saw 4 of its levels.
You also visited: Ossuary.

You collected 222 gold pieces.

Inventory:

Hand Weapons
 i - a +2 dagger of venom (weapon)
Jewellery
 f - a ring of poison resistance (right tentacle)
 j - a +6 ring of dexterity (left tentacle)
 l - an amulet of regeneration
 o - an amulet of magic regeneration
 p - an amulet of reflection
 q - a ring of fire (on tentacle)
Wands
 s - a wand of digging (4)
Scrolls
 d - 2 scrolls of noise {unknown}
 g - a scroll of enchant weapon {unknown}
 h - a scroll of poison {unknown}
 k - 2 scrolls of vulnerability {unknown}
 m - a scroll of identify {unknown}
 n - a scroll of fear {unknown}
Potions
 a - 4 potions of magic
 b - 2 potions of heal wounds
 c - a potion of curing {unknown}
 e - a potion of degeneration {unknown}
 r - a potion of enlightenment {unknown}


   Skills:
 + Level 0.2 Short Blades
 + Level 2.1 Dodging
 + Level 3.3 Stealth
 + Level 3.5 Spellcasting
 + Level 1.0 Conjurations
 + Level 4.5 Earth Magic


You had 10 spell levels left.
You knew the following spells:

 Your Spells              Type           Power      Damage    Failure   Level
a - Sandblast             Erth           36%        2d10      2%          1

Your spell library contained the following spells:

 Spells                   Type           Power      Damage    Failure   Level
 Passwall                 Erth           18%        N/A       8%          3
 Stone Arrow              Conj/Erth      24%        3d8       16%         3
 Brom's Barrelling Bould  Conj/Erth      12%        2d4       47%         4
 Petrify                  Alch/Erth      10%        N/A       54%         4


Dungeon Overview and Level Annotations

Branches:
Dungeon (4/15)            Ossuary (visited)
 Temple: D:4-7

Altars:
Kikubaaqudgha
Ru
The Shining One

Shops:
D:1 :   D:2 *


Innate Abilities, Weirdness & Mutations

You cannot wear most types of armour.
You are amphibious.
You can wear up to eight rings at the same time.
Your skin changes colour to match your surroundings (Stealth+).
Your rubbery body absorbs attacks. (AC +1, EV +1)
((You are camouflaged when in or above water. (Stealth+)))
You have tentacles for arms and can constrict up to eight enemies at once.


Message History

The jackal zombie attacks as it pursues you!
The jackal zombie barely misses you.
The adder zombie attacks as it pursues you!
The adder zombie bites you.
* * * LOW HITPOINT WARNING * * *
The jackal zombie attacks as it pursues you!
The jackal zombie misses you. The jackal zombie barely misses you.
Casting: Sandblast (safe; 2% risk of failure)
Confirm with . or Enter, or press ? or * to list all spells.
Aiming: Sandblast (safe; 2% risk of failure)
Press: ? - help, Shift-Dir - straight line, f/p - adder zombie
Aim: an adder zombie (severely damaged, 82% to hit)
The blast of sand misses the jackal zombie.
The blast of sand hits the adder zombie!
You destroy the adder zombie!
The jackal zombie closely misses you. The hound zombie bites you.
* * * LOW HITPOINT WARNING * * *
The jackal zombie bites you.
* * * LOW HITPOINT WARNING * * *
Casting: Sandblast (safe; 2% risk of failure)
Confirm with . or Enter, or press ? or * to list all spells.
Aiming: Sandblast (safe; 2% risk of failure)
Press: ? - help, Shift-Dir - straight line, f - hound zombie
Aim: a hound zombie (87% to hit)
The blast of sand hits the hound zombie!
The hound zombie is heavily damaged.
The hound zombie misses you. The jackal zombie bites you.
* * * LOW HITPOINT WARNING * * *
The hound zombie barely misses you.
The hound zombie attacks as it pursues you!
The hound zombie misses you. The jackal zombie barely misses you.
There is a gate leading back out of this place here.
Unknown command.
The hound zombie closely misses you. The jackal zombie bites you.
* * * LOW HITPOINT WARNING * * *
The hound zombie closely misses you.
Welcome back to the Dungeon!
The gnoll hits you from afar with a +0 spear.
You die...

......# #.#.# ..
.###### #.#.# #..#
.###########.#.###...#
......gg.o.....$...#..
.###########......##.#
.. #..#..###.### .##
#.g..##o#... # .#
#######...##o.#.###..##
.#
.....?...##@gg'........
##
########.g##..#.###..#
#..o##.#.# #.#go###.# #
#.#.og##.###..##
#....o.#o.......
.......oo...####.##
####.#.###### .....#


You could see 2 gnolls and 2 orcs.

Vanquished Creatures
  2 vampire bats (D:3)
  A mummy (D:4)
  An adder (D:2)
  An adder zombie (Ossuary)
  A dart slug (D:4)
  2 ribbon worms
  A bat (D:3)
  2 bat skeletons (D:3)
  2 bat zombies (D:3)
  3 endoplasms
  3 giant cockroaches
  6 goblins
  5 hobgoblins
  2 jackals (D:4)
  A quokka (D:3)
  2 ball pythons (D:3)
  3 kobolds
  3 rats
41 creatures vanquished.

Notes
Turn   | Place    | Note
-------+----------+-------------------------------------------
     0 | D:1      | PriceMaster the Octopode Earth Elementalist began the quest
                  | for the Orb.
     0 | D:1      | Reached XP level 1. HP: 11/11 MP: 3/3
    60 | D:1      | Found Teylicef's Book Shoppe.
   419 | D:1      | Reached XP level 2. HP: 17/17 MP: 1/5
  1188 | D:2      | Found Wudyluh's Assorted Antiques.
  1197 | D:2      | Reached XP level 3. HP: 10/21 MP: 0/6
  1710 | D:3      | Found a faded altar of an unknown god.
  2351 | D:3      | Found an ancient bone altar of Kikubaaqudgha.
  2354 | D:3      | Reached skill level 4 in Earth Magic
  2354 | D:3      | Reached XP level 4. HP: 27/27 MP: 6/8
  2355 | D:3      | Reached XP level 5. HP: 31/31 MP: 6/9
  2412 | D:3      | Found a glowing golden altar of the Shining One.
  2541 | D:4      | Found a sacrificial altar of Ru.
  2602 | D:4      | Found a sand-covered staircase.
  2614 | Ossuary  | Entered an ossuary
  2635 | D:4      | Slain by a gnoll

Illustrated notes

Levels and vault maps discovered:
D:1:      lordsloth_arrival_two_stooges, layout_basic, serial_shops,
          nicolae_shop_tiny_glass, serial_co_window_serial, co_window_corner_a,
          co_window_cross_1, co_window_of_opportunity_a, co_window_paths_b,
          co_window_paths_b, co_window_unsneaky_path_b, co_window_broadway_a,
          co_window_corner_cb, co_window_corner_b, co_window_broadway_c,
          co_window_2corner, co_window_paths_e, glass_columns_a,
          glass_columns_a, glass_columns_a
D:2:      layout_rooms, serial_shops, shop
D:3:      layout_loops_corners, kennysheep_vampire_church,
          mainiacjoe_overflow_alcove_1, ebering_ecumenical_altar_sacrificial
D:4:      layout_loops_ring, nicolae_ru_sacrificial_ziggurat,
          gup_ossuary_entry_pyramid

Skill      XL: |  1  2  3 |
---------------+----------+-----
Stealth        | 3 |  3.3
Spellcasting   | 3 |  3.5
Earth Magic    | 4 |  4.5
Short Blades   | |  0.2
Dodging        | |  2.1
Conjurations   | |  1.0

Action                     |  1- 3 |  4- 6 || total
---------------------------+-------+-------++-------
  Melee: Dagger            |     5 |     6 ||    11
         Constrict         |     2 |     2 ||     4
         Tentacles         |       |     3 ||     3
   Cast: Sandblast         |    47 |     9 ||    56
  Evoke: Wand              |       |     2 ||     2
    Use: Potion            |       |     2 ||     2
 Armour: Skin              |    12 |    30 ||    42
  Dodge: Dodged            |    12 |    37 ||    49
